Map: Cactus Valley LE (Void)

Players

Musumeci - Winner!

  • Race: Zerg Zerg
  • League: Diamond
  • Spawn Location: 7:00

MichyMoko

  • Race: Zerg Zerg
  • Spawn Location: 1:00

VOD

Have the link to the VOD?

Description

Time

  • Played on: March 13, 2017, 9:05 a.m.
  • Length: 27:21
Show
View Real Time Build Order
Export as new Build Order

Musumeci Zerg - Winner!

Build Orders: Pool First 

Get SALT Encoding   

  12  0:00  Drone  
  13  0:10  Drone  
  14  0:17  Overlord  
  14  0:23  Drone, Extractor  
  15  0:37  Drone x2  
  17  0:46  Extractor  
  17  0:48  Spawning Pool  
  15  0:58  Drone x2  
  17  1:05  Drone  
  18  1:27  Hatchery  
  17  1:37  Queen  
  19  1:46  Evolution Chamber  
  18  1:48  Drone  
  18  1:53  Drone  
  20  2:01  Zergling x2  
  20  2:02  Zergling x2  
  22  2:14  Metabolic Boost  
  22  2:38  Queen  
  22  2:43  Drone x4  
  28  2:47  Overlord  
  28  2:48  Overlord  
  28  3:17  Roach Warren  
  25  3:45  Zergling x2  
  25  3:46  Zergling x6  
  29  3:53  Drone x6  
  29  3:54  Drone x2  
  37  3:58  Roach x3  
  43  4:31  Drone  
  43  4:32  Extractor  
  43  4:40  Drone  
  41  4:46  Hatchery  
  39  4:56  Roach x2  
  39  4:58  Overlord  
  39  4:59  Overlord  
  43  5:12  Roach x2  
  41  5:18  Roach x2  
  41  5:19  Roach  
  47  5:23  Queen  
  45  5:30  Roach  
  45  5:31  Roach x5  
  52  5:48  Drone x4  
  56  5:56  Drone  
  57  6:00  Queen  
  59  6:18  Lair  
  59  6:20  Drone x3, Extractor  
  59  6:22  Drone x4  
  65  6:27  Drone  
  65  6:29  Overlord x2  
  66  6:34  Overlord  
  66  6:35  Overlord x2  
  66  6:51  Roach x4  
  74  6:56  Roach x5  
  76  7:16  Roach x8  
  72  7:30  Queen  
  66  7:40  Ravager  
  66  7:41  Ravager  
  66  7:44  Glial Reconstitution  
  68  7:47  Drone  
  68  7:48  Drone x10  
  79  7:55  Drone, Extractor  
  79  8:03  Evolution Chamber x2, Ravager x2  
  79  8:16  Roach x6  
  91  8:30  Zergling x2  
  91  8:31  Zergling x4  
  91  8:32  Zergling x8  
  98  8:47  Overlord x2  
  98  8:48  Overlord  
  98  8:57  Zerg Missile Weapons Level 1  
  98  8:58  Zerg Ground Armor Level 1  
  98  9:12  Extractor  
  98  9:15  Drone  
  98  9:16  Drone x5  
  103  9:17  Roach  
  103  9:18  Roach x6  
  103  9:19  Overlord  
  117  9:38  Zergling x12  
  121  9:54  Roach x4  
  129  10:08  Extractor  
  129  10:09  Baneling Nest  
  129  10:10  Roach  
  129  10:12  Overlord x8  
  128  10:29  Ravager  
  128  10:30  Ravager x9  
  128  10:34  Roach x7  
  152  10:39  Drone  
  152  10:40  Drone x2  
  152  10:41  Drone  
  155  11:08  Spore Crawler  
  155  11:09  Hydralisk Den  
  155  11:11  Spore Crawler  
  152  11:12  Spore Crawler  
  152  11:13  Spore Crawler  
  152  11:16  Spore Crawler  
  149  11:22  Overseer  
  144  11:42  Baneling x3  
  144  11:45  Hydralisk x11  
  144  11:46  Hydralisk x2  
  167  12:09  Muscular Augments  
  166  12:33  Baneling x2  
  165  12:39  Drone x8  
  165  12:41  Roach x2  
  163  13:38  Roach x4  
  163  13:39  Roach x13  
  163  13:40  Overlord x4  
  163  13:41  Overlord x2  
  171  13:54  Zergling x10  
  176  14:08  Roach x3  
  182  14:11  Ravager x3  
  182  14:12  Ravager x2  
  182  14:16  Hydralisk x3  
  193  14:20  Overseer  
  189  14:40  Baneling  
  189  14:41  Baneling  
  189  14:43  Baneling x2  
  189  14:44  Baneling  
  189  14:46  Baneling  
  189  14:47  Baneling  
  189  14:50  Baneling x2  
  182  15:08  Hydralisk x3  
  182  15:09  Hydralisk x2  
  176  15:25  Hydralisk  
  176  15:26  Hydralisk x5  
  125  15:59  Roach  
  125  16:00  Roach x8  
  133  16:25  Extractor  
  132  16:29  Hatchery  
  131  16:38  Zerg Missile Weapons Level 2, Zerg Ground Armor Level 2  
  131  16:40  Roach  
  131  16:41  Roach x10  
  131  16:42  Hatchery  
  131  16:43  Ravager x11  
  131  16:44  Ravager  
  164  16:48  Hatchery  
  164  16:49  Extractor  
  164  16:53  Zergling x2  
  164  16:54  Zergling x4  
  164  16:56  Zergling x4  
  167  17:32  Baneling x3  
  167  17:33  Baneling  
  146  17:57  Baneling x2  
  146  17:58  Baneling x2  
  145  18:18  Overseer  
  145  18:21  Extractor  
  145  18:23  Extractor  
  142  18:29  Roach  
  142  18:30  Roach x13  
  169  18:37  Hydralisk x11  
  169  18:38  Hydralisk x2  
  176  19:16  Ravager  
  165  19:18  Ravager x8  
  172  19:29  Burrow  
  172  19:33  Tunneling Claws  
  172  19:44  Spore Crawler  
  171  19:48  Spore Crawler  
  171  19:50  Ravager x4  
  174  19:54  Extractor  
  174  19:58  Extractor  
  172  20:00  Spore Crawler  
  172  20:06  Infestation Pit, Zergling x4  
  172  20:07  Spore Crawler  
  172  20:09  Zergling x4  
  134  20:38  Roach  
  134  20:39  Roach x6  
  148  20:47  Baneling x4  
  136  21:18  Roach x6  
  136  21:19  Roach x22  
  189  21:35  Roach  
  189  21:36  Roach x4  
  199  21:40  Hive  
  177  22:04  Zergling x4  
  177  22:06  Zergling x4  
  173  22:23  Ravager x9  
  175  22:45  Roach  
  175  22:46  Roach x2, Baneling x4  
  175  22:47  Roach  
  169  23:15  Roach x2  
  161  23:28  Roach x12  
  161  23:29  Roach x7  
  199  23:47  Roach  
  195  23:57  Roach x4  
  162  24:32  Ravager x2  
  162  24:33  Ravager x15  
  177  24:42  Roach  
  168  25:00  Roach  
  162  25:22  Roach  
  162  25:30  Zergling x4  
  152  26:25  Roach x14  
  150  26:26  Roach x21  
  179  26:38  Roach  
Show
View Real Time Build Order
Export as new Build Order

MichyMoko Zerg 

Build Orders: Hatch First 

Get SALT Encoding   

  12  0:01  Drone  
  13  0:12  Overlord  
  13  0:17  Drone  
  14  0:30  Drone x2  
  14  0:34  Drone  
  17  0:56  Hatchery  
  16  0:59  Drone  
  17  1:14  Spawning Pool  
  17  1:16  Drone  
  17  1:20  Extractor  
  17  1:22  Drone  
  17  1:26  Drone  
  18  2:07  Queen, Overlord  
  20  2:09  Zergling x4  
  20  2:11  Drone  
  23  2:22  Drone x2, Extractor  
  24  2:35  Drone, Zergling x2  
  26  2:39  Queen  
  28  2:50  Drone  
  28  2:51  Drone  
  30  3:00  Drone x2  
  32  3:09  Roach Warren  
  31  3:13  Drone x2  
  31  3:14  Drone  
  34  3:20  Queen  
  34  3:26  Overlord x2  
  36  3:29  Metabolic Boost  
  34  3:43  Overlord  
  34  3:44  Drone x4  
  38  3:55  Overlord  
  38  4:09  Zergling x2  
  38  4:10  Zergling x10  
  41  4:19  Roach  
  41  4:23  Drone x2, Zergling x4  
  47  4:24  Roach x2  
  51  4:31  Lair  
  48  4:53  Overlord  
  48  4:54  Overlord  
  48  4:55  Roach  
  48  4:56  Roach x3  
  56  5:01  Drone x3  
  58  5:08  Roach  
  58  5:09  Overlord  
  60  5:21  Zergling x4  
  60  5:22  Drone  
  56  5:55  Roach x4  
  64  6:06  Ravager  
  64  6:07  Ravager  
  64  6:08  Ravager  
  64  6:09  Zergling x6  
  64  6:10  Zergling x4  
  72  6:19  Zergling x4  
  72  6:24  Glial Reconstitution  
  74  6:27  Evolution Chamber  
  74  6:28  Drone  
  74  6:29  Drone x5  
  74  6:30  Evolution Chamber  
  78  6:51  Hatchery  
  69  7:17  Roach  
  69  7:18  Roach x7  
  71  7:32  Roach  
  71  7:33  Roach x5  
  77  7:44  Zergling x4  
  79  7:56  Extractor  
  79  7:57  Extractor, Ravager x3  
  81  7:58  Zergling x2  
  81  7:59  Zergling x4  
  81  8:04  Zergling x2  
  81  8:05  Zergling x2  
  85  8:13  Overlord x2  
  85  8:14  Overlord  
  85  8:16  Zergling x4  
  85  8:18  Zerg Missile Weapons Level 1  
  87  8:28  Drone  
  87  8:29  Drone x2  
  87  8:31  Overlord x3  
  90  8:39  Overlord x3  
  91  8:41  Zergling x8  
  91  8:45  Zerg Ground Armor Level 1  
  93  9:02  Roach x3, Spire  
  98  9:06  Zergling x10  
  103  9:18  Extractor  
  103  9:19  Drone x4  
  103  9:20  Drone, Extractor  
  105  9:57  Drone x3  
  105  9:58  Drone x3  
  111  10:04  Ravager x5  
  116  10:18  Mutalisk x4  
  124  10:35  Zerg Missile Weapons Level 2  
  124  10:47  Mutalisk x3  
  129  10:52  Mutalisk  
  131  11:17  Overseer  
  125  12:14  Overlord x4  
  125  12:15  Drone x4  
  127  12:16  Mutalisk, Drone x2  
  127  12:17  Mutalisk x10  
  127  12:20  Overlord x2  
  153  12:27  Zerg Flyer Armor Level 1  
  152  12:44  Queen  
  154  12:54  Hatchery  
  153  13:04  Roach x12, Extractor  
  153  13:05  Roach x6  
  188  13:08  Extractor  
  188  13:10  Roach  
  188  13:11  Roach  
  191  13:13  Overlord  
  140  14:11  Drone x4  
  140  14:12  Drone x3  
  140  14:13  Roach  
  140  14:14  Roach x9  
  163  14:38  Ravager  
  163  14:39  Ravager x3  
  163  14:40  Roach x3  
  163  14:41  Roach x3  
  175  15:16  Roach x8  
  175  15:17  Roach x2  
  188  15:24  Drone x3  
  189  15:29  Roach  
  188  15:38  Drone x3  
  162  16:24  Zerg Ground Armor Level 2  
  162  16:30  Roach x7  
  162  16:31  Infestation Pit  
  175  16:41  Unknown x2  
  175  17:03  Roach x9  
  175  17:07  Ravager x3  
  160  18:15  Drone x2  
  160  18:16  Drone x3  
  160  18:40  Roach  
  160  18:41  Roach x11  
  167  18:51  Unknown x2  
  167  18:57  Spine Crawler  
  167  18:58  Spine Crawler  
  163  19:29  Spine Crawler  
  162  19:49  Mutalisk x4  
  162  19:51  Roach x9  
  188  19:53  Hatchery  
  173  20:20  Ravager  
  173  20:21  Unknown, Ravager x12  
  184  20:22  Unknown  
  130  20:41  Unknown  
  130  21:09  Roach x8  
  138  21:22  Roach x3  
  144  21:30  Drone x2  
  142  21:48  Unknown  
  142  21:59  Roach  
  142  22:00  Roach x5  
  142  22:01  Ravager  
  145  22:22  Roach x4  
  147  23:02  Ravager x3  
  147  23:03  Ravager x6  
  147  23:04  Ravager x6  
  147  23:05  Ravager x6  
  167  23:06  Ravager x2  
  167  23:10  Drone  
  167  23:11  Drone x4  
  170  23:28  Queen  
  170  23:30  Drone  
  170  23:31  Drone x2  
  143  24:05  Roach  
  143  24:06  Roach x5  
  68  24:34  Drone x5  
  68  24:35  Drone x2  
  75  24:40  Zergling x2  
  73  25:12  Roach  
  73  25:13  Roach x4  
  82  25:18  Overseer  
  82  25:38  Ravager  
  82  25:39  Ravager x3  
  82  25:40  Ravager  
  87  25:56  Unknown x4  
  62  26:32  Zergling x10  
  33  26:33  Zergling x8  
Tags
 
Add a new tag
Caveats
  • Supply blocks, unpowered buildings, or Contaminate may cause inaccurate times.
  • Supply counts are checked every 10 seconds.